 Dungeon Crawl Stone Soup version 0.29-a0-360-g8ed1089bbe (webtiles) character file.

Game seed: 15068508323862591563

31 ytrimaz the Skirmisher (level 3, -1/29 HPs)
             Began as a Demonspawn Berserker on Apr 28, 2022.
             Was a Follower of Trog.
             Succumbed to an adder's poison
             ... on level 2 of the Dungeon.
             The game lasted 00:01:58 (1906 turns).

ytrimaz the Skirmisher (Demonspawn Berserker)       Turns: 1906, Time: 00:01:59

Health: -1/29      AC:  4    Str: 19    XL:     3   Next: 7%
Magic:  3/3        EV: 12    Int:  8    God:    Trog [*.....]
Gold:   47         SH:  0    Dex: 12    Spells: 2/2 levels left

rFire   . . .      SeeInvis .   a - +0 hand axe
rCold   . . .      Faith    .   (no shield)
rNeg    . . .      Spirit   .   c - +0 leather armour
rPois   .          Reflect  .   (no helmet)
rElec   .          Harm     .   (no cloak)
rCorr   .          Rampage  .   l - +0 pair of gloves
Will    .....                   (no boots)
Stlth   +.........              e - amulet of the acrobat
HPRegen 0.09/turn               (no ring)
MPRegen 0.08/turn               (no ring)

@: lethally poisoned (-1 -> -19), flying
A: powered by death 1, demonic touch 1
a: Renounce Religion, Berserk


You were on level 2 of the Dungeon.
You worshipped Trog.
Trog was aware of your devotion.
You visited 1 branch of the dungeon, and saw 2 of its levels.

You collected 47 gold pieces.

Inventory:

Hand Weapons
 a - a +0 hand axe (weapon)
Armour
 c - a +0 leather armour (worn)
 l - a +0 pair of gloves (worn)
Jewellery
 e - an amulet of the acrobat (around neck)
Scrolls
 d - a scroll of immolation {unknown}
 j - a scroll of silence
Potions
 g - 2 potions of brilliance


   Skills:
 + Level 3.5 Fighting
 - Level 0.1 Short Blades
 + Level 3.2 Axes
 - Level 1.7 Armour
 + Level 2.0 Dodging


You had 2 spell levels left.
You didn't know any spells.
Your spell library contained the following spells:

 Spells                   Type           Power      Damage    Failure   Level
 Summon Guardian Golem    Hex/Summ       0%         N/A       83%         3
 Orb of Destruction       Conj           0%         9d5       100%        7
 Spellforged Servitor     Conj/Summ      0%         N/A       100%        7


Dungeon Overview and Level Annotations

Branches:
Dungeon (2/15)

Altars:


Innate Abilities, Weirdness & Mutations

You regenerate a little health from kills.
Your touch may inflict minor irresistible damage on your foes.


Message History

You slash the endoplasm!
You kill the endoplasm!
Trog accepts your kill.
You barely miss the adder. The adder closely misses you.
You closely miss the adder. Your touch misses the adder. The adder bites you.
You are poisoned.
The adder poisons you! The adder bites you.
You barely miss the adder.
You touch the adder.
The adder is moderately wounded.
You feel sick. The adder bites you but does no damage.
You closely miss the adder. Your touch misses the adder.
The adder is moderately wounded.
You feel sick. The adder bites you but does no damage. The adder bites you.
You are more poisoned.
The adder poisons you!
Unknown command.
You miss the adder.
The adder is moderately wounded.
You feel sick. The adder bites you.
You are lethally poisoned!
The adder poisons you!
You miss the adder. Your touch misses the adder.
The adder is moderately wounded.
You feel very sick. The adder closely misses you. The adder bites you.
* * * LOW HITPOINT WARNING * * *
You are more poisoned.
The adder poisons you!
Unknown command.
It was a potion of flight.
You feel very buoyant.
You fly up into the air.
* * * LOW HITPOINT WARNING * * *
You feel very sick. The adder bites you.
* * * LOW HITPOINT WARNING * * *
You are more poisoned.
The adder poisons you!
It was a potion of magic.
Magic courses through your body.
You die...

####.#### #.# # #.#
#.# # #.#
##########'## #
#.###...<...#...## #
#...#.8...8.#....##
##
#####.......#.....##
##.
#.8...8.#......####..
#...S...#......+.....
#.8.@.8.#..(...####..
#.......#.....## ###.
####'####....## #...
#.####...## #.##
#.........# #.#
####.##.#.# #.#
#.##.#.# #.#
#.##.#.#####.# #
#.#..........#


You could see an adder.

Vanquished Creatures
  4 ball pythons (D:1)
  3 endoplasms
  4 giant cockroaches
  3 goblins
  2 hobgoblins (D:2)
  2 kobolds (D:1)
  2 quokkas (D:1)
  3 bats
  2 frilled lizards (D:1)
  2 rats (D:1)
27 creatures vanquished.

Vanquished Creatures (others)
  3 fungi (D:1)
3 creatures vanquished.

Grand Total: 30 creatures vanquished

Notes
Turn   | Place    | Note
-------+----------+-------------------------------------------
     0 | D:1      | ytrimaz the Demonspawn Berserker began the quest for the
                  | Orb.
     0 | D:1      | Reached XP level 1. HP: 18/18 MP: 1/1
   204 | D:1      | Found a faded altar of an unknown god.
   222 | D:1      | Gained mutation: Your touch may inflict minor irresistible
                  | damage on your foes. [demonic ancestry]
   222 | D:1      | Reached XP level 2. HP: 24/24 MP: 2/2
  1550 | D:2      | Gained mutation: You regenerate a little health from kills.
                  | [demonic ancestry]
  1550 | D:2      | Reached XP level 3. HP: 28/29 MP: 3/3
  1906 | D:2      | Succumbed to an adder's poison

Illustrated notes

Levels and vault maps discovered:
D:1:      kennysheep_arrival_forest, layout_basic,
          shapermc_ecumenical_altar_mp_highgroup, dreamdust_mushroom_princess
D:2:      layout_loops_corners, grunt_ministairs_3, corexii_corridor_pit

Skill      XL: |  1  2 |
---------------+-------+-----
Axes           | 3 |  3.2
Dodging        | 2 |  2.0
Fighting       | |  3.5
Short Blades   | |  0.1
Armour         | |  1.7

Action                   || total
-------------------------++-------
Melee: Dagger            ||    11
       Hand axe          ||    61
       Touch             ||     8
Invok: Berserk           ||     1
  Use: Scroll            ||     7
       Potion            ||     2
 Stab: Sleeping          ||     1
Armor: Leather armour    ||    18
Dodge: Dodged            ||    46

Table legend: (Time is in decaauts)
 A = Elapsed time spent in this place.
 B = Non-inter-level travel time spent in this place.
 C = Inter-level travel time spent in this place.
 D = Time resting spent in this place.
 E = Time spent auto-exploring this place.
 F = Levels seen in this place.
 G = Mean time per level.
                   A        B        C        D        E       F      G
               +--------+--------+--------+--------+--------+-----+--------+
         Total |   1925 |   1834 |     91 |      0 |   1540 |   2 |  962.5 |
       Dungeon |   1925 |   1834 |     91 |      0 |   1540 |   2 |  962.5 |
               +--------+--------+--------+--------+--------+-----+--------+

Top non-repeatable levels by time:
     D:1: 1441 daAuts
     D:2: 483 daAuts
